 Dungeon Crawl Stone Soup version 0.19.4-9-g45fd643 (webtiles) character file.

5331 Maelstr0m the Cleaver (level 10, -20/77 HPs)
             Began as a Formicid Fighter on Feb 22, 2017.
             Was a Believer of Qazlal.
             Demolished by a hill giant
             ... wielding a +0 giant club
              (27 damage)
             ... on level 9 of the Dungeon.
             The game lasted 00:34:29 (6448 turns).

Maelstr0m the Cleaver (Formicid Fighter)            Turns: 6448, Time: 00:34:30

Health: -20/77     AC: 15    Str: 22    XL:     10   Next: 96%
Magic:  9/9        EV: 10    Int:  8    God:    Qazlal [**....]
Gold:   489        SH: 14    Dex: 12    Spells: 0 memorised, 9 levels left

rFire  . . .     SeeInvis +     a - +1 war axe (flame)
rCold  + . .     Gourm    .     o - +3 ring mail of Pantheism {Dex+2}
rNeg   . . .     Faith    .     c - +0 shield
rPois  .         Spirit   .     (helmet unavailable)
rElec  .         Reflect  .     x - +0 cloak
rCorr  .         Harm     .     l - +1 pair of gloves
MR     +....                    i - +1 pair of boots {Fly}
Stlth  +.........               (no amulet)
                                H - ring of protection from cold
                                (no ring)

@: flying
A: permanent stasis, dig shafts and tunnels, four strong arms, antennae 3,
hooves 1, clumsy 1, low mp 1
a: Dig, Shaft Self, Upheaval, Renounce Religion, Stop Flying


You were on level 9 of the Dungeon.
You worshipped Qazlal.
Qazlal was pleased with you.
You were not hungry.

You visited 2 branches of the dungeon, and saw 9 of its levels.

You collected 489 gold pieces.

Inventory:

Hand Weapons
 a - a +1 war axe of flaming (weapon)
Missiles
 j - 8 tomahawks (quivered)
 y - a throwing net
Armour
 c - a +0 shield (worn)
 i - a +1 pair of boots of flying (worn)
 l - a +1 pair of gloves (worn)
 o - the +3 ring mail of Pantheism (worn) {Dex+2}
   (You found it on level 8 of the Dungeon)

   It affects your dexterity (+2).
 x - a +0 cloak (worn)
Jewellery
 H - a ring of protection from cold (right hand)
Wands
 b - a wand of paralysis (14/24)
 p - a wand of confusion (20/48)
 v - a wand of iceblast (7/15)
 A - a wand of confusion (20/48)
 C - a wand of lightning (9/15)
Scrolls
 n - 2 scrolls of fear {unknown}
 r - 5 scrolls of remove curse
 t - a scroll of identify
 u - a scroll of enchant armour
 z - 5 scrolls of fog
Potions
 d - a potion of might
 e - 2 potions of resistance
 h - a potion of agility
 m - 2 potions of curing
 s - 4 potions of brilliance
Books
 B - a book of Maledictions

   Spells                             Type                      Level
   a - Corona                         Hexes                        1
   b - Ensorcelled Hibernation        Hexes/Ice                    2
   c - Confuse                        Hexes                        3
   d - Tukima's Dance                 Hexes                        3
   e - Dazzling Spray                 Conjuration/Hexes            3
 F - a book of Misfortune

   Spells                             Type                      Level
   a - Confusing Touch                Hexes                        1
   b - Confuse                        Hexes                        3
   c - Gell's Gravitas                Hexes/Translocation          3
   d - Petrify                        Transmutation/Earth          4
   e - Metabolic Englaciation         Hexes/Ice                    5
   f - Yara's Violent Unravelling     Hexes/Transmutation          5
Comestibles
 f - 11 bread rations
 g - 5 meat rations
 k - 6 fruits
 q - a beef jerky
 w - 3 chunks of flesh
 G - a royal jelly


   Skills:
 - Level 6.6 Fighting
 + Level 10.2 Axes
 + Level 8.2 Armour
 - Level 10.2 Shields
 * Level 1.0 Invocations
 * Level 0.4 Evocations


You had 9 spell levels left.
You didn't know any spells.

Dungeon Overview and Level Annotations

Branches:
Dungeon (9/15)             Temple (1/1) D:6
   Lair: D:8-11         Orc: D:9-12

Altars:
Ashenzari
Cheibriados
Dithmenos
Elyvilon
Fedhas
Gozag
Hepliaklqana
Kikubaaqudgha
Makhleb
Nemelex Xobeh
Okawaru
Qazlal
Ru
Sif Muna
Trog
Uskayaw
Vehumet
Xom
Yredelemnul
Zin
The Shining One


Innate Abilities, Weirdness & Mutations

You are under a permanent stasis effect.
You can dig through walls and to a lower floor.
Your four strong arms can wield two-handed weapons with a shield.
You have a pair of large antennae on your head. (SInv)
You have large cloven feet.
You are clumsy. (Dex -2)
Your magical capacity is low. (-10% MP)


Message History

Unknown command.
You slash the hill giant! You burn the hill giant.
The hill giant is moderately wounded.
The hill giant hits you with a giant club!
You hit the hill giant but do no damage.
The hill giant is moderately wounded.
The hill giant hits you with a giant club.
You slash the hill giant! You burn the hill giant.
The hill giant is heavily wounded.
You slash the hill giant! You burn the hill giant.
The hill giant is severely wounded.
The hill giant hits you with a giant club!!
You hit the hill giant but do no damage.
The hill giant is severely wounded.
The hill giant hits you with a giant club!!
* * * LOW HITPOINT WARNING * * *
You slash the hill giant! You burn the hill giant.
The hill giant is almost dead.
The hill giant hits you with a giant club!!
You die...

#..##...#
{ #..#
#..##...#
#..##...#
#..##...#
#..##...#
#..##.<.#
#..##...#
#..ยง....#
#..@C...#
#.####..#
#.# #..#
#.# #..#
#.# #..#
#.# #..#
#.# ..#
#.# #.#


You could see a hill giant.

Vanquished Creatures
  A wizard (D:9)
  A merfolk (D:9)
  A troll (D:9)
  2 hornets
  A hippogriff (D:5)
  Sigmund (D:5)
  A wraith (D:9)
  A basilisk (D:9)
  3 yaks (D:9)
  A steam dragon (D:8)
  A water moccasin (D:9)
  2 sky beasts
  4 ogres
  2 phantoms
  3 centaurs
  5 bullfrogs
  4 scorpions
  3 wights (D:7)
  5 crimson imps
  2 hounds
  A quasit (D:8)
  An orc priest (D:3)
  2 jellies
  8 orc wizards
  A bullfrog zombie (D:6)
  Jessica (D:3)
  A bullfrog skeleton (D:5)
  3 iguanas
  4 worker ants
  2 killer bee zombies
  A hound skeleton (D:6)
  A howler monkey skeleton (D:3)
  9 adders
  A shadow imp (D:8)
  2 adder zombies
  An adder skeleton (D:8)
  3 worms
  2 dart slugs
  3 leopard geckos
  33 orcs
  5 giant cockroaches
  4 goblins
  8 hobgoblins
  7 jackals
  3 quokkas
  A ball python (D:2)
  6 bats
  4 frilled lizards
  5 kobolds
  A quokka zombie (D:9)
  6 rats
174 creatures vanquished.

Notes
Turn   | Place    | Note
-------+----------+-------------------------------------------
     0 | D:1      | Maelstr0m the Formicid Fighter began the quest for the Orb.
     0 | D:1      | Reached XP level 1. HP: 18/18 MP: 1/1
   161 | D:1      | Reached XP level 2. HP: 24/24 MP: 2/2
   544 | D:2      | Reached XP level 3. HP: 23/29 MP: 3/3
   849 | D:2      | Reached XP level 4. HP: 36/36 MP: 4/4
   947 | D:2      | Found a shattered altar of Ashenzari.
   947 | D:2      | Found a shimmering altar of Xom.
  1058 | D:3      | Noticed Jessica
  1072 | D:3      | Killed Jessica
  1175 | D:3      | Reached XP level 5. HP: 40/42 MP: 5/5
  1278 | D:3      | Found an iron altar of Okawaru.
  1579 | D:3      | Reached XP level 6. HP: 40/48 MP: 6/6
  1871 | D:3      | You fall through a shaft for 2 floors!
  1871 | D:5      | Entered Level 5 of the Dungeon
  1871 | D:5      | Found a white marble altar of Elyvilon.
  1879 | D:5      | Reached skill level 5 in Shields
  1885 | D:5      | Reached XP level 7. HP: 32/55 MP: 7/7
  2149 | D:5      | Noticed a hippogriff
  2150 | D:5      | Noticed Sigmund
  2164 | D:5      | Killed a hippogriff
  2164 | D:5      | Reached skill level 5 in Axes
  2290 | D:5      | Reached skill level 5 in Fighting
  2487 | D:5      | Killed Sigmund
  2487 | D:5      | Reached XP level 8. HP: 58/62 MP: 8/8
  2590 | D:5      | Reached skill level 5 in Armour
  2928 | D:6      | Gained mutation: Your magical capacity is low. (-10% MP) [potion of mutation]
  2928 | D:6      | Gained mutation: You have large cloven feet. [potion of mutation]
  2928 | D:6      | Gained mutation: You are clumsy. (Dex -2) [potion of mutation]
  3410 | D:6      | Reached XP level 9. HP: 26/69 MP: 8/8
  3625 | D:6      | Found a staircase to the Ecumenical Temple.
  3658 | Temple   | Entered the Ecumenical Temple
  3696 | Temple   | Became a worshipper of Qazlal Stormbringer
  3996 | D:6      | Found an ancient bone altar of Kikubaaqudgha.
  4363 | D:7      | Noticed a hornet
  4379 | D:7      | Killed a hornet
  4644 | D:7      | Got a slimy war axe
  4645 | D:7      | Identified the +3 war axe "Ocoh" {chop, SInv} (You found it on level 7 of the Dungeon)
  4959 | D:8      | Got a blackened ring mail
  4970 | D:8      | Identified the +3 ring mail of Pantheism {Dex+2} (You found it on level 8 of the Dungeon)
  5035 | D:8      | Reached * piety under Qazlal
  5108 | D:8      | Reached XP level 10. HP: 77/77 MP: 9/9
  5466 | D:9      | Noticed a wizard
  5484 | D:9      | Killed a wizard
  5782 | D:9      | Reached skill level 10 in Axes
  5782 | D:9      | Reached skill level 10 in Shields
  6162 | D:9      | Reached ** piety under Qazlal
  6440 | D:9      | Noticed a hill giant
  6442 | D:9      | Reached skill level 1 in Invocations
  6448 | D:9      | Demolished by a hill giant

Skill      XL: |  1  2  3  4  5  6  7  8  9 10 |
---------------+-------------------------------+-----
Axes           | 3 4 5 7 8 10 | 10.2
Shields        | 4 5 6 8 10 | 10.2
Fighting       | 4 5 6 |  6.6
Armour         | 4 6 8 |  8.2
Invocations    | 1 |  1.0
Evocations     | |  0.4

Action                   |  1- 3 |  4- 6 |  7- 9 | 10-12 || total
-------------------------+-------+-------+-------+-------++-------
Melee: War axe           |    95 |   118 |   336 |   130 ||   679
       Kick              |       |       |    52 |       ||    52
 Abil: Dig               |       |       |       |     1 ||     1
Evoke: Wand              |       |       |       |     1 ||     1
  Use: Potion            |       |       |     7 |     2 ||     9
       Scroll            |       |       |    14 |       ||    14
  Eat: Chunk             |       |     4 |     9 |     4 ||    17
       Pizza             |       |       |     1 |       ||     1
Armor: Scale mail        |    27 |    60 |   115 |       ||   202
       Ring mail         |       |       |     3 |    45 ||    48
Dodge: Dodged            |    30 |    41 |   132 |    34 ||   237
Block: Shield            |    66 |    62 |   195 |    98 ||   421
